Map: [EWC] Oceanborn

Players

ByuN - Winner!

  • Race: Terran Terran
  • Spawn Location: 5:00

Coffee

  • Race: Terran Terran
  • Spawn Location: 11:00

Event: Esports World Cup 2024

VOD

Have the link to the VOD?

Description

Time

  • Played on: Aug. 17, 2024, 6:21 a.m.
  • Length: 10:14

All games in this series

Show
View Real Time Build Order
Export as new Build Order

ByuN Terran - Winner!

Build Orders: Cyclone Opening 

Get SALT Encoding   

  12  0:00  SCV  
  13  0:12  SCV  
  14  0:16  Supply Depot  
  14  0:24  SCV  
  15  0:38  SCV  
  15  0:39  Barracks  
  16  0:43  Refinery  
  16  0:50  SCV  
  16  0:52  Refinery  
  17  1:02  SCV  
  18  1:14  SCV  
  19  1:26  Orbital Command, Reaper  
  19  1:30  Supply Depot  
  20  1:39  Factory  
  20  1:52  SCV  
  21  1:58  Marine  
  22  2:04  SCV  
  23  2:15  Command Center  
  23  2:17  SCV  
  24  2:24  Hellion  
  26  2:30  Starport  
  26  2:34  SCV  
  26  2:35  Barracks Reactor  
  27  2:43  Supply Depot  
  27  2:46  SCV  
  27  2:50  Cyclone  
  30  2:58  SCV  
  31  3:07  Medivac  
  31  3:10  SCV, Marine  
  31  3:11  Marine  
  36  3:22  SCV  
  36  3:23  Cyclone  
  36  3:26  Orbital Command  
  39  3:29  Refinery  
  39  3:32  Marine  
  39  3:33  Marine  
  41  3:35  SCV  
  41  3:39  Starport Tech Lab  
  43  3:51  Supply Depot, SCV  
  43  3:52  SCV  
  43  3:54  Marine  
  45  3:55  Factory Tech Lab  
  45  3:56  Marine  
  45  3:58  Raven  
  45  4:01  Interference Matrix  
  48  4:03  SCV  
  48  4:05  SCV  
  48  4:14  Marine  
  48  4:15  SCV  
  48  4:16  Marine  
  44  4:17  SCV  
  43  4:27  SCV  
  43  4:29  SCV  
  44  4:32  Marine  
  44  4:34  Marine  
  44  4:40  SCV  
  44  4:41  SCV  
  46  4:50  Marine  
  46  4:52  SCV, Marine  
  49  4:53  SCV  
  49  4:54  Raven  
  49  4:55  Siege Tank  
  55  5:04  SCV  
  55  5:05  SCV  
  57  5:07  Supply Depot  
  51  5:14  Marine x2  
  51  5:16  SCV  
  51  5:18  SCV  
  55  5:24  Command Center  
  55  5:27  Siege Tank  
  59  5:32  SCV x2  
  60  5:37  Viking  
  60  5:38  Viking  
  64  5:44  SCV x2  
  64  5:47  Supply Depot, Marine  
  64  5:48  Stimpack  
  67  5:54  Refinery  
  67  5:56  SCV x2  
  69  6:03  Siege Tank  
  70  6:04  Marine  
  70  6:10  Viking x2  
  72  6:15  SCV x2  
  74  6:22  Marine  
  75  6:28  SCV  
  75  6:29  SCV  
  77  6:35  Barracks  
  77  6:36  Siege Tank  
  77  6:37  Barracks  
  80  6:40  Marine  
  80  6:42  Viking  
  80  6:45  Viking  
  85  6:50  Orbital Command  
  86  6:57  SCV x2  
  86  7:00  Marine  
  88  7:07  Engineering Bay  
  88  7:09  SCV x2, Engineering Bay  
  88  7:11  Siege Tank  
  93  7:17  Orbital Command  
  93  7:19  Marine, Viking  
  95  7:23  Barracks Reactor  
  95  7:24  SCV x2  
  95  7:29  Barracks Reactor  
  97  7:36  SCV x2  
  94  7:37  Marine  
  95  7:48  SCV x2  
  95  7:50  Siege Tank  
  100  7:55  Marine  
  100  7:56  Viking x2  
  99  8:02  SCV x2  
  101  8:13  SCV, Marine x2  
  104  8:23  Marine x3  
  107  8:31  Siege Tank, Marine  
  109  8:45  Supply Depot  
  109  8:52  Marine x2  
  109  8:53  Marine x2  
  109  8:54  Marine  
  109  8:55  SCV  
  98  9:03  SCV x2  
  98  9:08  Medivac x2  
  98  9:09  Marine x2  
  102  9:11  Marine x2  
  102  9:12  SCV  
  102  9:15  SCV  
  108  9:17  Marine  
  108  9:20  Siege Tank  
  108  9:22  SCV  
  108  9:24  SCV  
  112  9:27  SCV, Marine x2  
  112  9:29  Marine x2  
  117  9:41  SCV x3, Marine  
  117  9:42  Sensor Tower  
  117  9:45  Marine  
  122  9:49  Marine x3  
Show
View Real Time Build Order
Export as new Build Order

Coffee Terran 

Build Orders:  

Get SALT Encoding   

  12  0:00  SCV  
  13  0:12  SCV  
  14  0:17  Supply Depot  
  14  0:24  SCV  
  15  0:38  SCV  
  15  0:39  Barracks  
  16  0:43  Refinery  
  16  0:50  SCV  
  16  0:52  Refinery  
  17  1:02  SCV  
  18  1:15  SCV  
  19  1:26  Reaper  
  19  1:27  Orbital Command  
  19  1:31  Supply Depot  
  20  1:42  Factory  
  20  1:53  SCV  
  21  1:59  Barracks Reactor  
  21  2:05  SCV  
  22  2:17  Command Center  
  22  2:20  SCV  
  23  2:26  Hellion  
  25  2:32  SCV  
  25  2:35  Reaper x2  
  28  2:42  Supply Depot  
  28  2:44  SCV  
  28  2:48  Hellion  
  31  2:56  Starport  
  31  3:04  SCV  
  32  3:09  Reaper  
  32  3:10  Reaper  
  32  3:12  Hellion  
  36  3:16  SCV  
  37  3:24  Refinery  
  37  3:28  SCV  
  37  3:29  Orbital Command  
  38  3:36  Cyclone  
  38  3:40  SCV  
  41  3:43  Marine x2  
  41  3:46  Medivac  
  45  3:52  SCV  
  45  3:55  SCV  
  47  3:56  Supply Depot  
  47  4:01  Marine x2  
  49  4:05  SCV  
  46  4:13  Widow Mine  
  40  4:17  SCV  
  40  4:19  Marine x2  
  40  4:22  Viking  
  42  4:29  SCV  
  38  4:36  Marine  
  38  4:37  Marine  
  38  4:44  Factory Tech Lab  
  38  4:45  SCV x2  
  38  4:57  SCV x2  
  38  4:58  Refinery  
  40  5:03  Siege Tank  
  43  5:08  Viking  
  44  5:15  SCV x2  
  44  5:19  Viking  
  48  5:27  SCV x2  
  50  5:34  Supply Depot  
  50  5:36  Siege Tank  
  50  5:39  SCV x2  
  55  5:51  SCV x2  
  55  5:56  Supply Depot  
  61  5:58  Liberator  
  61  5:59  Liberator  
  61  6:03  SCV x2  
  61  6:13  Siege Tank  
  61  6:15  SCV x2  
  62  6:21  Refinery  
  62  6:23  Command Center  
  62  6:27  SCV  
  62  6:28  SCV  
  64  6:35  Barracks Tech Lab  
  64  6:40  SCV x2, Barracks x2  
  64  6:46  Siege Tank  
  69  6:53  Viking x2  
  73  6:55  Supply Depot  
  73  6:57  Stimpack  
  73  6:59  SCV  
  73  7:00  SCV  
  75  7:05  Supply Depot  
  75  7:11  SCV  
  75  7:12  SCV  
  77  7:17  Engineering Bay x2  
  77  7:20  Siege Tank  
  80  7:23  SCV  
  80  7:27  Viking x2  
  83  7:31  Barracks Reactor  
  83  7:33  SCV  
  84  7:38  Orbital Command  
  84  7:39  Marine, Barracks Reactor  
  81  7:59  Viking x2  
  81  8:02  SCV  
  81  8:03  SCV  
  84  8:08  Marine x3  
  84  8:09  Siege Tank  
  90  8:14  Supply Depot x2  
  85  8:24  Marine x2  
  85  8:26  Marine  
  86  8:27  SCV, Marine  
  80  8:36  Viking x2  
  80  8:37  SCV x2  
  80  8:41  Marine  
  86  8:42  Combat Shield, Siege Tank, Marine  
  78  8:59  Marine x3  
  71  9:03  SCV x2  
  72  9:17  Marine  
  72  9:24  Siege Tank  
  77  9:25  Barracks, Barracks Reactor  
  77  9:26  SCV x2, Barracks  
  78  9:34  Marine  
  78  9:35  Marine  
  74  9:52  Marine x3  
Tags
 
Add a new tag
Caveats
  • Supply blocks, unpowered buildings, or Contaminate may cause inaccurate times.
  • Supply counts are checked every 10 seconds.